 Dungeon Crawl Stone Soup version 0.28.0-53-g5a82cb258f (webtiles) character file.

Game seed: 13369570155780800688

21 PentaManta the Sneak (level 3, 21/21 HPs)
             Began as a Kobold Brigand on June 17, 2022.
             Got out of the dungeon alive.
             The game lasted 00:01:22 (951 turns).

PentaManta the Sneak (Kobold Brigand)                Turns: 951, Time: 00:01:22

Health: 21/21      AC:  3    Str:  8    XL:     3   Next: 5%
Magic:  3/3        EV: 15    Int: 12    God:
Gold:   37         SH:  0    Dex: 18    Spells: 2/2 levels left

rFire   . . .      SeeInvis .   a - +2 dagger
rCold   . . .      Faith    .   (no shield)
rNeg    . . .      Spirit   .   b - +0 robe
rPois   .          Reflect  .   (no helmet)
rElec   .          Harm     .   c - +0 cloak
rCorr   .          Rampage  .   (no gloves)
Will    .....                   (no boots)
Stlth   ++++......              (no amulet)
HPRegen 0.07/turn               (no ring)
MPRegen 0.08/turn               (no ring)

@: no status effects
A: small, no large weapons, nightstalker 3
a: no special abilities


You escaped.
You visited 1 branch of the dungeon, and saw 1 of its levels.

You collected 37 gold pieces.

Inventory:

Hand Weapons
 a - a +2 dagger (weapon)
 f - a +1 spear of venom
Missiles
 d - 8 poisoned darts (quivered)
 e - 2 curare-tipped darts
Armour
 b - a +0 robe (worn)
 c - a +0 cloak (worn)
Scrolls
 h - a scroll of teleportation {unknown}
Potions
 g - a potion of haste {unknown}


   Skills:
 - Level 2.1 Fighting
 + Level 3.2 Short Blades
 - Level 2.1 Throwing
 + Level 2.0 Dodging
 - Level 6.0 Stealth


You had 2 spell levels left.
You didn't know any spells.
Your spell library contained the following spells:

 Spells                   Type           Power      Damage    Failure   Level
 Pain                     Necr           0%         1d4       32%         1
 Agony                    Necr           0%         N/A       100%        5
 Excruciating Wounds      Necr           0%         N/A       100%        5


Dungeon Overview and Level Annotations

Branches:
Dungeon (1/15)

Altars:


Innate Abilities, Weirdness & Mutations

You are small and have problems with some larger weapons.
You are completely attuned to the shadows.


Message History

You hit the giant cockroach.
The giant cockroach is severely wounded.
The giant cockroach bites you but does no damage.
You hit the giant cockroach.
You kill the giant cockroach!
Training target 6.0 for Stealth reached!
Your Stealth skill increases to level 6!
You have reached level 3!
Your experience leads to an increase in your attributes!
Increase (S)trength, (I)ntelligence, or (D)exterity?
You feel agile. x2
A quokka comes into view.
A quokka is nearby!
A quokka is nearby!
Found a book of Pain.
The helpless quokka fails to defend itself.
You impale the quokka!!
You kill the quokka!
Your Dodging skill increases to level 2!
No target in view!
You pick up a book of Pain and begin reading...
You add the spells Pain, Agony and Excruciating Wounds to your library.
You see here 17 sling bullets.
There is a stone staircase leading down here.
There is a stone staircase leading down here.
You enter the shallow water.
Moving in this stuff is going to be slow.
You enter the shallow water.
Moving in this stuff is going to be slow.
Partly explored, can't reach some places.
Partly explored, can't reach some places.
Partly explored, can't reach some places.
Partly explored, can't reach some places.
You enter the shallow water.
Moving in this stuff is going to be slow.
There is a staircase leading out of the dungeon here.
Are you sure you want to leave the Dungeon?
This will make you lose the game!
Alright, then stay!
Are you sure you want to leave the Dungeon?
This will make you lose the game!
You have escaped!

##.#...##.........# ########.##
###.#.#.#.####≈...≈####....>...#
.........#≈≈≈#.....##≈≈######..#
##..#.#.###≈≈.......≈≈≈# #..#
#..#....##≈.........≈≈# ###..#
#..#.#..###.........### ##.#..#
#..#.#.##.....≈≈≈.....# #.....##
##..#.#.##....≈...≈....#
##.#....
....#.#.##....≈.@.≈....# #.#.###
.........####.≈.(.≈...## #.#.#
#..#.....#.....≈≈≈.....# #.#.#
#.#####.###...........## #.#.#
#.# #.##≈≈.........≈# ##.#.###
#.# #.##≈≈≈.......#≈# #.......
#.#
###.##≈≈≈≈.....≈##≈###..#.###
#.###.....####≈...≈######.#.#.#
#.##...#### #...........###..#


There were no monsters in sight!

Vanquished Creatures
  A dart slug (D:1)
  2 endoplasms (D:1)
  2 giant cockroaches (D:1)
  5 hobgoblins (D:1)
  A quokka (D:1)
  A ball python (D:1)
  4 bats (D:1)
  2 rats (D:1)
18 creatures vanquished.

Notes
Turn   | Place    | Note
-------+----------+-------------------------------------------
     0 | D:1      | PentaManta the Kobold Brigand began the quest for the Orb.
     0 | D:1      | Reached XP level 1. HP: 12/12 MP: 1/1
   299 | D:1      | Reached XP level 2. HP: 17/17 MP: 2/2
   494 | D:1      | Found a faded altar of an unknown god.
   781 | D:1      | Reached skill level 6 in Stealth
   781 | D:1      | Reached XP level 3. HP: 18/21 MP: 3/3
   951 | D:$      | Got out of the dungeon alive.

Illustrated notes

Levels and vault maps discovered:
D:1:      enne_arrival_octagon_isle, layout_loops_ring,
          chequers_ecumenical_altar_grove

Skill      XL: |  1  2  3 |
---------------+----------+-----
Short Blades   | 3 |  3.2
Stealth        | 6 |  6.0
Dodging        | 2 |  2.0
Fighting       | |  2.1
Throwing       | |  2.1

Action                   || total
-------------------------++-------
Melee: Dagger            ||    32
       Punch             ||     1
 Stab: Sleeping          ||    14
Armor: Robe              ||     4
Dodge: Dodged            ||     6
